TOP OF THE 1ST |
Philadelphia (APP) Phillies batting - Pitching for Chicago (APP) Cubs : RHP Carlos Zavala
|
Pitching: RHP Carlos Zavala
|
|
Batting: LHB Matt Urbanek
|
0-0: Ball 1-0: Ball 2-0: Called Strike 2-1: Foul Ball, location: 2F 2-2: Ball 3-2: Base on Balls
|
Batting: RHB Carlos Morejon
|
0-0: Ball Matt Urbanek is caught stealing 2nd base 2-4 1-0: DOUBLE (Groundball, 5L, EV 95.0 MPH)
|
Batting: RHB Kyle Reilly
|
0-0: Called Strike 0-1: DOUBLE (Flyball, 89D, EV 101.9 MPH) Carlos Morejon scores
|
Batting: RHB Seung-mun Kim
|
0-0: Called Strike 0-1: Swinging Strike 0-2: Ball 1-2: Ball 2-2: Foul Ball, location: 2F 2-2: Ball 3-2: DOUBLE (Flyball, 8RXD, EV 94.4 MPH) Kyle Reilly scores
|
Batting: LHB Eric Farren
|
0-0: Foul Ball, location: 2F 0-1: Ball 1-1: Fly out, F7 (Flyball, 7LS, EV 93.8 MPH)
|
Pitching: LHP Eddie Panagos
|
|
Batting: LHB Josh George
|
0-0: Fly out, F8 (Flyball, 8LD, EV 98.8 MPH)
|
Top of the 1st over - 2 runs, 3 hits, 0 errors, 1 left on base; Philadelphia (APP) 2 - Chicago (APP) 0 |
BOTTOM OF THE 1ST |
Chicago (APP) Cubs batting - Pitching for Philadelphia (APP) Phillies : LHP Eddie San Miguel
|
Pitching: LHP Eddie San Miguel
|
|
Batting: RHB Randy Schmitt
|
0-0: Swinging Strike 0-1: Ball 1-1: Foul Ball, location: 2F 1-2: Ground out 1-3 (Groundball, 15S, EV 68.8 MPH)
|
Batting: RHB Tak-keung Chieu
|
0-0: Ground out 6-3 (Groundball, 6S, EV 84.4 MPH)
|
Batting: RHB Jake Mitchell
|
0-0: Called Strike 0-1: Foul Ball, location: 2F 0-2: SINGLE (Groundball, 56D, EV 98.1 MPH)
|
Batting: SHB Andrew Baron
|
0-0: Ball 1-0: Foul Ball, location: 2F 1-1: Ball 2-1: Foul Ball, location: 2F 2-2: Foul Ball, location: 2F 2-2: SINGLE (Groundball, 56D, EV 98.1 MPH) Jake Mitchell to second
|
Batting: RHB Julio Arteaga
|
0-0: Called Strike 0-1: Ball 1-1: Swinging Strike 1-2: Ball 2-2: Ball 3-2: Foul Ball, location: 2F 3-2: Strikes out swinging
|
Bottom of the 1st over - 0 runs, 2 hits, 0 errors, 2 left on base; Philadelphia (APP) 2 - Chicago (APP) 0 |
TOP OF THE 2ND |
Philadelphia (APP) Phillies batting - Pitching for Chicago (APP) Cubs : LHP Eddie Panagos
|
Batting: RHB Vaclav Been
|
0-0: Ball 1-0: Foul Ball, location: 2F 1-1: Ball 2-1: Ball 3-1: Base on Balls
|
Batting: RHB Gary Sampson
|
0-0: Swinging Strike 0-1: Swinging Strike 0-2: Ball 1-2: Foul Ball, location: 2F 1-2: Ball 2-2: Strikes out swinging
|
Batting: LHB Jesse Haught
|
0-0: Called Strike 0-1: Ball 1-1: Ball 2-1: Swinging Strike 2-2: Foul Ball, location: 2F 2-2: Ball 3-2: Foul Ball, location: 2F 3-2: Foul Ball, location: 2F 3-2: Foul Ball, location: 2F 3-2: Foul Ball, location: 2F 3-2: Base on Balls Vaclav Been to second
|
Pitching: RHP Ryan Masterson
|
|
Batting: LHB Matt Urbanek
|
0-0: Foul Ball, location: 2F 0-1: Foul Ball, location: 2F 0-2: SINGLE (Groundball, 6D, EV 104.4 MPH) Vaclav Been to third Jesse Haught to second Runner from 3rd tries for Home, SAFE, throw by CF to home
|
Batting: RHB Carlos Morejon
|
0-0: Called Strike 0-1: DOUBLE (Flyball, 8LXD, EV 104.4 MPH) Jesse Haught scores Matt Urbanek to third
|
Batting: RHB Kyle Reilly
|
0-0: Called Strike 0-1: Ball 1-1: Ball 2-1: 3-RUN HOME RUN (Flyball, 78XD, EV 114.4 MPH), Distance : 464 ft
|
Batting: RHB Seung-mun Kim
|
0-0: Ball 1-0: Ground out 4-3 (Groundball, 4, EV 81.9 MPH)
|
Batting: LHB Eric Farren
|
0-0: Called Strike 0-1: Foul Ball, location: 2F 0-2: Strikes out looking
|
Top of the 2nd over - 5 runs, 3 hits, 0 errors, 0 left on base; Philadelphia (APP) 7 - Chicago (APP) 0 |
BOTTOM OF THE 2ND |
Chicago (APP) Cubs batting - Pitching for Philadelphia (APP) Phillies : LHP Eddie San Miguel
|
Batting: RHB Jake Newman
|
0-0: Called Strike 0-1: Called Strike 0-2: Strikes out looking
|
Batting: RHB Dwight Bean
|
0-0: Called Strike 0-1: Called Strike 0-2: Strikes out swinging
|
Batting: LHB Arnaldo Cardamenho
|
0-0: Swinging Strike 0-1: Foul Ball, location: 2F 0-2: Strikes out swinging
|
Bottom of the 2nd over - 0 runs, 0 hits, 0 errors, 0 left on base; Philadelphia (APP) 7 - Chicago (APP) 0 |
TOP OF THE 3RD |
Philadelphia (APP) Phillies batting - Pitching for Chicago (APP) Cubs : RHP Ryan Masterson
|
Batting: LHB Josh George
|
0-0: Called Strike 0-1: Ball 1-1: Called Strike 1-2: Foul Ball, location: 2F 1-2: Ball 2-2: SINGLE (Flyball, 78S, EV 89.4 MPH)
|
Pitching: RHP Rob Craft
|
|
Batting: RHB Vaclav Been
|
0-0: Called Strike 0-1: Foul Ball, location: 2F 0-2: Ball 1-2: Foul Ball, location: 2F 1-2: Ball 2-2: Ball 3-2: Base on Balls Josh George to second
|
Batting: RHB Gary Sampson
|
0-0: DOUBLE (Groundball, 5L, EV 104.4 MPH) Josh George scores Vaclav Been to third Runner from 3rd tries for Home, SAFE, no throw by LF
|
Batting: LHB Jesse Haught
|
0-0: Ball 1-0: SINGLE (Groundball, 4MD, EV 97.5 MPH) Gary Sampson to third Runner from 3rd tries for Home, SAFE, throw by CF to home Jesse Haught to second
|
Batting: LHB Matt Urbanek
|
0-0: Ball 1-0: Foul Ball, location: 2F 1-1: Ball 2-1: Swinging Strike 2-2: Foul Ball, location: 2F 2-2: Ball 3-2: Single, Error in OF, E9, batter to second base (Groundball, 3S, EV 99.4 MPH) Jesse Haught scores
|
Batting: RHB Carlos Morejon
|
0-0: Ball 1-0: Ball 2-0: Ball 3-0: Base on Balls
|
Pitching: RHP Karl Stuart
|
|
Batting: RHB Kyle Reilly
|
0-0: Fielders Choice at 2nd, 3-6 (Groundball, 34, EV 81.3 MPH) Matt Urbanek to third
|
Batting: RHB Seung-mun Kim
|
0-0: Ball 1-0: Foul Ball, location: 2F 1-1: SINGLE (Line Drive, 9S, EV 92.5 MPH) Matt Urbanek scores Kyle Reilly to second
|
Batting: LHB Eric Farren
|
0-0: Reached on error, E9 (Flyball, 9, EV 98.8 MPH) Kyle Reilly to third Seung-mun Kim to second
|
Batting: LHB Josh George
|
0-0: Ball 1-0: Foul Ball, location: 2F 1-1: Called Strike 1-2: SINGLE (Flyball, 6MD, EV 91.3 MPH) Kyle Reilly scores Seung-mun Kim to third Eric Farren to second
|
Batting: RHB Vaclav Been
|
0-0: Ball 1-0: Foul Ball, location: 2F 1-1: Called Strike 1-2: Ball Wild Pitch! Seung-mun Kim scores Eric Farren to third Josh George to second 2-2: Fly out, F9 (Flyball, 9D, EV 90.0 MPH) Runner from 3rd tags up, SCORES, no throw by RF
|
Batting: RHB Gary Sampson
|
0-0: Called Strike 0-1: Swinging Strike 0-2: Foul Ball, location: 2F 0-2: Strikes out swinging
|
Top of the 3rd over - 8 runs, 6 hits, 2 errors, 1 left on base; Philadelphia (APP) 15 - Chicago (APP) 0 |
BOTTOM OF THE 3RD |
Chicago (APP) Cubs batting - Pitching for Philadelphia (APP) Phillies : LHP Eddie San Miguel
|
Batting: RHB Josh MacQueen
|
0-0: Called Strike 0-1: Foul Ball, location: 2F 0-2: Strikes out swinging
|
Batting: RHB Randy Schmitt
|
0-0: Ball 1-0: Ground out 4-3 (Groundball, 4, EV 91.3 MPH)
|
Batting: RHB Tak-keung Chieu
|
0-0: Ball 1-0: Swinging Strike 1-1: Called Strike 1-2: Ball 2-2: Strikes out looking
|
Bottom of the 3rd over - 0 runs, 0 hits, 0 errors, 0 left on base; Philadelphia (APP) 15 - Chicago (APP) 0 |
TOP OF THE 4TH |
Philadelphia (APP) Phillies batting - Pitching for Chicago (APP) Cubs : RHP Karl Stuart
|
Pitching: RHP Dustin Buckner
|
|
Batting: LHB Jesse Haught
|
0-0: Ball 1-0: Foul Ball, location: 2F 1-1: Foul Ball, location: 2F 1-2: Ground out U3 (Groundball, 34, EV 84.4 MPH)
|
Batting: LHB Matt Urbanek
|
0-0: Called Strike 0-1: Ball 1-1: Foul Ball, location: 2F 1-2: Foul Ball, location: 2F 1-2: Foul Ball, location: 2F 1-2: DOUBLE (Line Drive, 7LM, EV 109.4 MPH)
|
Batting: RHB Carlos Morejon
|
0-0: Called Strike 0-1: SINGLE (Line Drive, 9S, EV 88.1 MPH) Matt Urbanek to third
|
Batting: RHB Kyle Reilly
|
0-0: Ball 1-0: Ball 2-0: Ball 3-0: Called Strike 3-1: Base on Balls Carlos Morejon to second
|
Batting: RHB Seung-mun Kim
|
0-0: Ball 1-0: Called Strike 1-1: Ball 2-1: Foul Ball, location: 2F 2-2: Ball 3-2: Fielders Choice at 2nd, 6-4 (Groundball, 6, EV 89.4 MPH) Matt Urbanek scores Carlos Morejon to third
|
Batting: LHB Eric Farren
|
0-0: Swinging Strike 0-1: Ball 1-1: Called Strike 1-2: Foul Ball, location: 2F 1-2: Fly out, F7 (Flyball, 7LM, EV 80.6 MPH)
|
Top of the 4th over - 1 run, 2 hits, 0 errors, 2 left on base; Philadelphia (APP) 16 - Chicago (APP) 0 |
BOTTOM OF THE 4TH |
Chicago (APP) Cubs batting - Pitching for Philadelphia (APP) Phillies : LHP Eddie San Miguel
|
Batting: RHB Jake Mitchell
|
0-0: Called Strike 0-1: Ball 1-1: Swinging Strike 1-2: Strikes out swinging
|
Batting: SHB Andrew Baron
|
0-0: Foul Ball, location: 2F 0-1: Called Strike 0-2: Foul Ball, location: 2F 0-2: Ball 1-2: Ball 2-2: Foul Ball, location: 2F 2-2: Foul Ball, location: 2F 2-2: Ball 3-2: SINGLE (Flyball, 78S, EV 88.8 MPH)
|
Batting: RHB Julio Arteaga
|
0-0: Called Strike 0-1: Foul Ball, location: 2F 0-2: Strikes out swinging
|
Batting: RHB Jake Newman
|
0-0: Ball 1-0: Foul Ball, location: 2F 1-1: Swinging Strike 1-2: Ball 2-2: Ball 3-2: Strikes out swinging
|
Bottom of the 4th over - 0 runs, 1 hit, 0 errors, 1 left on base; Philadelphia (APP) 16 - Chicago (APP) 0 |
TOP OF THE 5TH |
Philadelphia (APP) Phillies batting - Pitching for Chicago (APP) Cubs : RHP Dustin Buckner
|
Batting: LHB Josh George
|
0-0: Ball 1-0: Ball 2-0: Foul Ball, location: 2F 2-1: Foul Ball, location: 2F 2-2: Strikes out swinging
|
Batting: RHB Vaclav Been
|
0-0: Called Strike 0-1: Ball 1-1: Ball 2-1: Called Strike 2-2: Ball 3-2: Base on Balls
|
Batting: RHB Gary Sampson
|
0-0: Called Strike 0-1: Swinging Strike 0-2: Foul Ball, location: 2F 0-2: Hit by Pitch Vaclav Been to second
|
Batting: LHB Jesse Haught
|
0-0: Called Strike 0-1: Fielders Choice at 2nd, 3-6 (Groundball, 34S, EV 93.1 MPH) Vaclav Been to third
|
Batting: LHB Matt Urbanek
|
0-0: Called Strike 0-1: Ball 1-1: Fielders Choice at 2nd, 6-4 (Groundball, 6, EV 107.5 MPH)
|
Top of the 5th over - 0 runs, 0 hits, 0 errors, 2 left on base; Philadelphia (APP) 16 - Chicago (APP) 0 |
BOTTOM OF THE 5TH |
Chicago (APP) Cubs batting - Pitching for Philadelphia (APP) Phillies : LHP Eddie San Miguel
|
Batting: RHB Dwight Bean
|
0-0: Called Strike 0-1: Foul Ball, location: 2F 0-2: Ball 1-2: Ball 2-2: Strikes out swinging
|
Batting: LHB Arnaldo Cardamenho
|
0-0: Called Strike 0-1: Ground out 4-3 (Groundball, 4, EV 90.6 MPH)
|
Batting: RHB Josh MacQueen
|
0-0: Foul Ball, location: 2F 0-1: Ball 1-1: Ground out 6-3 (Groundball, 6, EV 91.9 MPH)
|
Bottom of the 5th over - 0 runs, 0 hits, 0 errors, 0 left on base; Philadelphia (APP) 16 - Chicago (APP) 0 |
TOP OF THE 6TH |
Philadelphia (APP) Phillies batting - Pitching for Chicago (APP) Cubs : RHP Dustin Buckner
|
Batting: RHB Carlos Morejon
|
0-0: SOLO HOME RUN (Flyball, 7D, EV 96.3 MPH), Distance : 394 ft
|
Batting: RHB Kyle Reilly
|
0-0: Ball 1-0: Swinging Strike 1-1: Ball 2-1: DOUBLE (Flyball, 8RXD, EV 105.6 MPH)
|
Batting: RHB Seung-mun Kim
|
0-0: Called Strike 0-1: Ball 1-1: Ball 2-1: 2-RUN HOME RUN (Flyball, 7LD, EV 92.5 MPH), Distance : 347 ft
|
Batting: LHB Eric Farren
|
0-0: Ball 1-0: Ball 2-0: Ball 3-0: Called Strike 3-1: Base on Balls
|
Batting: LHB Josh George
|
0-0: Called Strike 0-1: Swinging Strike 0-2: Strikes out swinging
|
Batting: RHB Vaclav Been
|
0-0: Called Strike 0-1: Ball 1-1: Called Strike 1-2: Ball 2-2: Foul Ball, location: 2F 2-2: Foul Ball, location: 2F 2-2: Ball 3-2: Base on Balls Eric Farren to second
|
Batting: RHB Gary Sampson
|
0-0: Foul Ball, location: 2F 0-1: Fly out, F3 (Popup, 3SF, EV 85.0 MPH)
|
Batting: LHB Jesse Haught
|
0-0: Ball 1-0: 3-RUN HOME RUN (Flyball, 9D, EV 98.1 MPH), Distance : 381 ft
|
Batting: LHB Matt Urbanek
|
0-0: Ball 1-0: Ball 2-0: Swinging Strike 2-1: Ball 3-1: Base on Balls
|
Batting: RHB Carlos Morejon
|
0-0: Called Strike 0-1: Called Strike 0-2: Reached on error, E6 (Groundball, 6, EV 86.9 MPH) Matt Urbanek to second
|
Batting: RHB Kyle Reilly
|
0-0: SINGLE (Line Drive, 8LS, EV 90.0 MPH) Matt Urbanek to third Carlos Morejon to second Runner from 3rd tries for Home, SAFE, throw by CF to home
|
Batting: RHB Seung-mun Kim
|
0-0: DOUBLE (Flyball, 78D, EV 100.6 MPH) Carlos Morejon scores Kyle Reilly to third Runner from 3rd tries for Home, SAFE, no throw by CF
|
Batting: LHB Eric Farren
|
0-0: SINGLE (Flyball, 6MD, EV 96.9 MPH) Seung-mun Kim to third Runner from 3rd tries for Home, throw by CF and OUT! 8-2
|
Top of the 6th over - 9 runs, 7 hits, 1 error, 1 left on base; Philadelphia (APP) 25 - Chicago (APP) 0 |
BOTTOM OF THE 6TH |
Chicago (APP) Cubs batting - Pitching for Philadelphia (APP) Phillies : LHP Eddie San Miguel
|
Batting: RHB Randy Schmitt
|
0-0: Ball 1-0: Ball 2-0: Swinging Strike 2-1: Called Strike 2-2: Ball 3-2: Base on Balls
|
Batting: RHB Tak-keung Chieu
|
0-0: Ball 1-0: Foul Ball, location: 2F 1-1: Called Strike 1-2: Strikes out swinging
|
Batting: RHB Jake Mitchell
|
0-0: Ball 1-0: Ball 2-0: Swinging Strike 2-1: Foul Ball, location: 2F 2-2: Ground out 6-3 (Groundball, 6S, EV 70.0 MPH) Randy Schmitt to second
|
Batting: SHB Andrew Baron
|
0-0: Ball 1-0: Swinging Strike 1-1: Ball 2-1: SINGLE (Groundball, 4M, EV 107.5 MPH) (infield hit) Randy Schmitt to third
|
Batting: RHB Julio Arteaga
|
0-0: Swinging Strike 0-1: Ball 1-1: Called Strike 1-2: Strikes out swinging
|
Bottom of the 6th over - 0 runs, 1 hit, 0 errors, 2 left on base; Philadelphia (APP) 25 - Chicago (APP) 0 |
TOP OF THE 7TH |
Philadelphia (APP) Phillies batting - Pitching for Chicago (APP) Cubs : RHP Dustin Buckner
|
Batting: LHB Josh George
|
0-0: Ground out 6-3 (Groundball, 6, EV 110.0 MPH)
|
Batting: RHB Vaclav Been
|
0-0: Called Strike 0-1: Fly out, F8 (Flyball, 8LS, EV 95.0 MPH)
|
Batting: RHB Gary Sampson
|
0-0: Foul Ball, location: 2F 0-1: Swinging Strike 0-2: Foul Ball, location: 2F 0-2: Foul Ball, location: 2F 0-2: Strikes out looking
|
Top of the 7th over - 0 runs, 0 hits, 0 errors, 0 left on base; Philadelphia (APP) 25 - Chicago (APP) 0 |
BOTTOM OF THE 7TH |
Chicago (APP) Cubs batting - Pitching for Philadelphia (APP) Phillies : LHP Eddie San Miguel
|
Pitching: RHP Tony Trevino
|
|
Batting: RHB Jake Newman
|
0-0: Called Strike 0-1: Called Strike 0-2: Ball 1-2: Ball 2-2: Strikes out swinging
|
Batting: RHB Dwight Bean
|
0-0: Ball 1-0: Called Strike 1-1: Swinging Strike 1-2: Strikes out swinging
|
Batting: LHB Arnaldo Cardamenho
|
0-0: Called Strike 0-1: Swinging Strike 0-2: Fly out, F5 (Line Drive, 5, EV 71.3 MPH)
|
Bottom of the 7th over - 0 runs, 0 hits, 0 errors, 0 left on base; Philadelphia (APP) 25 - Chicago (APP) 0 |
TOP OF THE 8TH |
Philadelphia (APP) Phillies batting - Pitching for Chicago (APP) Cubs : RHP Dustin Buckner
|
Batting: LHB Jesse Haught
|
0-0: Ball 1-0: Ball 2-0: Ground out 4-3 (Groundball, 4, EV 78.8 MPH)
|
Batting: LHB Matt Urbanek
|
0-0: Ground out U3 (Groundball, 34, EV 84.4 MPH)
|
Batting: RHB Carlos Morejon
|
0-0: Ball 1-0: Called Strike 1-1: Called Strike 1-2: Ball 2-2: Foul Ball, location: 2F 2-2: Ball 3-2: Base on Balls
|
Batting: RHB Kyle Reilly
|
0-0: Reached on error, E3 (Flyball, 3D, EV 85.0 MPH) Carlos Morejon to second
|
Batting: RHB Seung-mun Kim
|
0-0: Ball 1-0: Foul Ball, location: 2F 1-1: Foul Ball, location: 2F 1-2: Ball 2-2: Ball 3-2: Base on Balls Carlos Morejon to third Kyle Reilly to second
|
Batting: LHB Eric Farren
|
0-0: Ball 1-0: Ball 2-0: Called Strike 2-1: Ball 3-1: Base on Balls Carlos Morejon scores Kyle Reilly to third Seung-mun Kim to second
|
Batting: LHB Josh George
|
0-0: Foul Ball, location: 2F 0-1: Foul Ball, location: 2F 0-2: Strikes out swinging
|
Top of the 8th over - 1 run, 0 hits, 1 error, 3 left on base; Philadelphia (APP) 26 - Chicago (APP) 0 |
BOTTOM OF THE 8TH |
Chicago (APP) Cubs batting - Pitching for Philadelphia (APP) Phillies : RHP Tony Trevino
|
Batting: RHB Josh MacQueen
|
0-0: Ball 1-0: Called Strike 1-1: Foul Ball, location: 2F 1-2: Strikes out swinging
|
Batting: RHB Randy Schmitt
|
0-0: Ball 1-0: Called Strike 1-1: Ball 2-1: Ball 3-1: Called Strike 3-2: Strikes out swinging
|
Batting: RHB Tak-keung Chieu
|
0-0: Called Strike 0-1: Foul Ball, location: 2F 0-2: Strikes out looking
|
Bottom of the 8th over - 0 runs, 0 hits, 0 errors, 0 left on base; Philadelphia (APP) 26 - Chicago (APP) 0 |
TOP OF THE 9TH |
Philadelphia (APP) Phillies batting - Pitching for Chicago (APP) Cubs : RHP Dustin Buckner
|
Batting: RHB Vaclav Been
|
0-0: Ground out 3-1 (Groundball, 13, EV 86.9 MPH)
|
Batting: RHB Gary Sampson
|
0-0: Ball 1-0: Foul Ball, location: 2F 1-1: Foul Ball, location: 2F 1-2: Strikes out looking
|
Batting: LHB Jesse Haught
|
0-0: SINGLE (Groundball, 56, EV 103.8 MPH)
|
Batting: LHB Matt Urbanek
|
0-0: Fly out, F8 (Flyball, 8LD, EV 103.8 MPH)
|
Top of the 9th over - 0 runs, 1 hit, 0 errors, 1 left on base; Philadelphia (APP) 26 - Chicago (APP) 0 |
BOTTOM OF THE 9TH |
Chicago (APP) Cubs batting - Pitching for Philadelphia (APP) Phillies : RHP Tony Trevino
|
Batting: RHB Jake Mitchell
|
0-0: Ball 1-0: Called Strike 1-1: Ground out 5-3 (Groundball, 56, EV 84.4 MPH)
|
Pitching: RHP Lucas McPhillie
|
|
Batting: SHB Andrew Baron
|
0-0: Ball 1-0: Foul Ball, location: 2F 1-1: Foul Ball, location: 2F 1-2: Foul Ball, location: 2F 1-2: Foul Ball, location: 2F 1-2: Strikes out swinging
|
Batting: RHB Julio Arteaga
|
0-0: Swinging Strike 0-1: Foul Ball, location: 2F 0-2: Ball 1-2: Ball 2-2: Strikes out swinging, 2-3 out at first.
|
Bottom of the 9th over - 0 runs, 0 hits, 0 errors, 0 left on base; Philadelphia (APP) 26 - Chicago (APP) 0 |
|